 Dungeon Crawl Stone Soup version 0.23.2-1-ga50397a6bc (webtiles) character file.

Game seed: 11483554878668241473

2680 MTandi the Spear-Bearer (level 9, -4/72 HPs)
             Began as a Merfolk Skald on May 27, 2019.
             Was a Follower of Wu Jian.
             Slain by a yak (9 damage)
             ... on level 9 of the Dungeon.
             The game lasted 01:17:00 (10614 turns).

MTandi the Spear-Bearer (Merfolk Skald)            Turns: 10614, Time: 01:17:01

Health: -4/72      AC:  9    Str: 18    XL:     9   Next: 64%
Magic:  3/12       EV: 19    Int: 12    God:    Wu Jian [*.....]
Gold:   446        SH:  0    Dex: 21    Spells: 1/12 levels left

rFire    + + .     SeeInvis .   M - +0 bardiche
rCold    . . .     Gourm    .   (shield currently unavailable)
rNeg     + . .     Faith    .   K - +3 leather armour of Death Resistance {rF+ rC- rN+}
rPois    .         Spirit   .   o - +1 helmet
rElec    .         Reflect  .   P - scarf {rC+ rF+}
rCorr    .         Harm     .   (no gloves)
MR       .....                  m - +0 pair of boots
Stlth    ++........             a - amulet of the acrobat
HPRegen  0.22/turn              R - +4 ring of dexterity
MPRegen  0.13/turn              x - +2 ring of dexterity

@: mighty
A: change form in water, swift swim, stealthy swim
a: Renounce Religion


You were on level 9 of the Dungeon.
You worshipped Wu Jian.
Wu Jian was aware of your devotion.
You were not hungry.

You visited 2 branches of the dungeon, and saw 11 of its levels.

You collected 446 gold pieces.

Inventory:

Hand Weapons
 k - a +0 halberd
 D - a +4 falchion
 J - a +0 whip of distortion
 M - a +0 bardiche (weapon)
Missiles
 j - 10 javelins (quivered)
Armour
 m - a +0 pair of boots (worn)
 o - a +1 helmet (worn)
 B - a +2 hat of intelligence
 K - the +3 leather armour of Death Resistance (worn) {rF+ rC- rN+}
   (You took it off an orc on level 6 of the Dungeon)

   It protects you from fire.
   It makes you vulnerable to cold.
   It protects you from negative energy.
 L - a +3 scale mail
 P - a scarf of resistance (worn)
Jewellery
 a - an amulet of the acrobat (around neck)
 t - an uncursed ring of stealth
 x - a +2 ring of dexterity (right hand)
 F - an uncursed amulet of harm
 H - an uncursed amulet of faith
 R - a +4 ring of dexterity (left hand)
Wands
 v - a wand of enslavement (13)
 z - a wand of polymorph (19)
 G - a wand of scattershot (4)
 I - a wand of random effects (10)
 O - a wand of acid (14)
 Q - a wand of disintegration (7)
Scrolls
 e - 2 scrolls of noise {unknown}
 f - 2 scrolls of blinking
 g - a scroll of identify
 h - a scroll of amnesia
 l - 6 scrolls of remove curse
 n - a scroll of enchant armour
 q - a scroll of magic mapping {unknown}
 y - 2 scrolls of enchant weapon {unknown}
 C - a scroll of random uselessness {unknown}
 E - a scroll of immolation {unknown}
Potions
 p - 3 potions of degeneration {unknown}
 r - 8 potions of curing {unknown}
 s - a potion of heal wounds {unknown}
 u - a potion of magic {unknown}
 w - a potion of invisibility {unknown}
 A - a potion of cancellation {unknown}
 N - 2 potions of flight {unknown}
Comestibles
 d - 9 rations
 S - 4 chunks of flesh


   Skills:
 + Level 7.3 Fighting
 + Level 9.7 Polearms
 - Level 0.6 Armour
 + Level 8.8 Dodging
 - Level 2.0 Spellcasting
 - Level 4.1 Hexes
 - Level 6.2 Charms


You had one spell level left.
You knew the following spells:

 Your Spells              Type           Power        Failure   Level  Hunger
a - Infusion              Chrm           ###.         2%          1    ##.....
b - Song of Slaying       Chrm           ###.....     3%          2    ###....
c - Spectral Weapon       Hex/Chrm       ##......     12%         3    ####...
d - Regeneration          Chrm/Necr      #.........   26%         3    ####...
e - Shroud of Golubria    Chrm/Tloc      #.........   14%         2    ###....

Your spell library contained the following spells:

 Spells                   Type           Power        Failure   Level  Hunger


Dungeon Overview and Level Annotations

Branches:
Dungeon (10/15)            Temple (1/1) D:6            Lair (0/6) D:9
    Orc: D:9-12

Altars:
Ashenzari
Cheibriados
Dithmenos
Elyvilon
Fedhas
Gozag
Hepliaklqana
Kikubaaqudgha
Makhleb
Nemelex Xobeh
Okawaru
Qazlal
Ru
Sif Muna
Trog
Uskayaw
Vehumet
Wu Jian
Xom
Yredelemnul
Zin
The Shining One

Shops:
D:5 =   D:6 [

Annotations:
D:9 Erolcha


Message History

Your limbs are stiffening.
The basilisk gazes at you. You resist with some effort.
You have turned to stone.
The basilisk gazes at you. x2
You resist with some effort. The basilisk gazes at you.
You resist with some effort.
The basilisk bites you but does no damage.
The basilisk bites you!
* * * LOW HITPOINT WARNING * * *
Your magical contamination has completely faded away.
The yak gores you!
* * * LOW HITPOINT WARNING * * *
The basilisk bites you!
* * * LOW HITPOINT WARNING * * *
You turn to flesh and can move again.
The basilisk gazes at you. You resist with some effort.
You open the door. The yak gores you!
You die...

##+# #.. ####'######
#. #...@.....# #.
#...Y.....# #.
#....l....# #.
#.........# #.
#.......Y.# #.##
#.........########.##
#.........##........Y
#.........##...Y.#(##
#...............(..#


You could see 2 yaks and a basilisk.

Vanquished Creatures
  2 humans (D:8)
  A porcupine (D:9)
  2 sky beasts
  An orc warrior (D:6)
  An eye of draining (D:7)
  2 phantoms
  2 centaurs
  2 crocodiles (D:9)
  3 big kobolds (D:8)
  2 bullfrogs (D:8)
  2 scorpions
  A howler monkey (D:4)
  2 crimson imps (D:9)
  A quasit (D:6)
  A bullfrog zombie (D:7)
  3 hounds
  3 jellies (D:6)
  2 bullfrog skeletons
  2 centaur skeletons
  3 orc priests
  An orc wizard (D:5)
  Ijyb (D:4)
  2 iguanas (D:6)
  A worker ant (D:6)
  A hound zombie (D:9)
  4 gnolls (D:6)
  8 adders
  4 shadow imps
  An adder zombie (D:8)
  3 oozes
  An adder skeleton (D:4)
  3 worms
  5 dart slugs
  A leopard gecko (D:7)
  22 orcs
  2 ball pythons
  8 bats
  9 giant cockroaches
  2 gnoll zombies (D:2)
  3 hobgoblins
  7 jackals
  3 quokkas
  5 frilled lizards
  9 goblins
  A jackal skeleton (D:5)
  20 kobolds
  A leopard gecko skeleton (D:4)
  2 leopard gecko zombies
  8 rats
176 creatures vanquished.

Vanquished Creatures (others)
  4 fungi (D:9)
  3 plants (D:9)
  A spectral weapon (D:8)
8 creatures vanquished.

Grand Total: 184 creatures vanquished

Notes
Turn   | Place    | Note
-------+----------+-------------------------------------------
     0 | D:1      | MTandi the Merfolk Skald began the quest for the Orb.
     0 | D:1      | Reached XP level 1. HP: 16/16 MP: 3/3
   208 | D:1      | Reached XP level 2. HP: 20/23 MP: 5/5
   640 | D:1      | Reached XP level 3. HP: 26/28 MP: 6/6
  1554 | D:2      | Reached skill level 4 in Polearms
  1603 | D:2      | Learned a level 2 spell: Song of Slaying
  1798 | D:2      | Reached XP level 4. HP: 25/35 MP: 7/7
  2642 | D:2      | Found a basalt altar of Yredelemnul.
  2911 | D:2      | Learned a level 3 spell: Spectral Weapon
  3361 | D:3      | Reached XP level 5. HP: 41/41 MP: 8/8
  3759 | D:4      | Noticed Ijyb
  3783 | D:4      | Killed Ijyb
  4113 | D:4      | Reached skill level 5 in Polearms
  4175 | D:4      | Reached skill level 1 in Hexes
  4175 | D:4      | Reached XP level 6. HP: 35/48 MP: 5/9
  4974 | D:4      | Learned a level 3 spell: Regeneration
  4975 | D:5      | Entered Level 5 of the Dungeon
  5044 | D:5      | Reached XP level 7. HP: 51/54 MP: 10/10
  5060 | D:5      | Found Zuregh's Jewellery Boutique.
  5161 | D:5      | Found a bloodstained altar of Trog.
  5300 | D:5      | Reached skill level 5 in Dodging
  5300 | D:5      | Reached skill level 5 in Charms
  5634 | D:6      | Reached skill level 6 in Polearms
  5980 | D:6      | Identified the +3 leather armour of Death Resistance {rF+
                  | rC- rN+}
  6455 | D:6      | Reached XP level 8. HP: 22/61 MP: 6/11
  6698 | D:6      | Found Udimpiz's Armour Shop.
  6849 | D:6      | Reached skill level 5 in Fighting
  6974 | D:6      | Found a staircase to the Ecumenical Temple.
  7059 | Temple   | Entered the Ecumenical Temple
  7293 | Temple   | Became a worshipper of the Wu Jian Council
  7464 | D:6      | Reached skill level 7 in Polearms
  7993 | D:7      | Learned a level 2 spell: Shroud of Golubria
  8917 | D:8      | Found an iron altar of Okawaru.
  8941 | D:8      | Reached skill level 8 in Polearms
  8941 | D:8      | Reached XP level 9. HP: 26/69 MP: 1/12
  9475 | D:8      | Reached * piety under Wu Jian
  9705 | D:8      | Reached skill level 9 in Polearms
 10264 | D:10     | Entered Level 10 of the Dungeon
 10332 | D:9      | Noticed Erolcha
 10595 | D:9      | Found a staircase to the Lair.
 10607 | D:9      | HP: 3/72 [basilisk (4)]
 10614 | D:9      | Slain by a yak

Skill      XL: |  1  2  3  4  5  6  7  8  9 |
---------------+----------------------------+-----
Dodging        | 3 4 5 7 8 |  8.8
Polearms       | 4 5 6 8 9 |  9.7
Fighting       | 3 4 6 7 |  7.3
Charms         | 4 5 6 |  6.2
Hexes          | 1 3 4 |  4.1
Armour         | |  0.6
Spellcasting   | |  2.0

Action                   |  1- 3 |  4- 6 |  7- 9 || total
-------------------------+-------+-------+-------++-------
Melee: Spear             |   180 |    72 |       ||   252
       Halberd           |       |   152 |   198 ||   350
       Bardiche          |       |       |   164 ||   164
Throw: Javelin           |       |     1 |     7 ||     8
 Cast: Infusion          |     1 |     5 |    25 ||    31
       Song of Slaying   |       |     3 |     3 ||     6
       Spectral Weapon   |       |     1 |     8 ||     9
       Regeneration      |       |       |     3 ||     3
Invok: Lunge             |       |       |     1 ||     1
       Whirlwind         |       |       |     1 ||     1
  Use: Scroll            |     5 |     1 |     6 ||    12
       Potion            |       |       |     1 ||     1
 Stab: Sleeping          |       |     3 |     6 ||     9
       Distracted        |       |     1 |       ||     1
  Eat: Ration            |     1 |       |     5 ||     6
       Chunk             |       |    11 |     4 ||    15
Armor: Leather armour    |    37 |       |    61 ||    98
       Ring mail         |       |    45 |    28 ||    73
       Chain mail        |       |       |    96 ||    96
Dodge: Dodged            |    95 |   109 |   289 ||   493
